 Dungeon Crawl Stone Soup version 0.22.0-78-g6c94d2c (webtiles) character file.

209 MalarOregon the Sneak (level 5, -1/27 HPs)
             Began as a Vine Stalker Assassin on Sept 16, 2018.
             Slain by an orc
             ... wielding a +0 short sword
              (3 damage)
             ... on level 2 of the Dungeon.
             The game lasted 00:04:58 (2486 turns).

MalarOregon the Sneak (Vine Stalker Assassin)       Turns: 2486, Time: 00:04:59

Health: -1/27      AC:  3    Str: 13    XL:     5   Next: 87%
Magic:  0/8        EV: 13    Int: 12    God:
Gold:   124        SH:  0    Dex: 16    Spells: 6/6 levels left

rFire    . . .     SeeInvis .   a - +2 dagger
rCold    . . .     Gourm    .   (no shield)
rNeg     . . .     Faith    .   c - +0 robe
rPois    .         Spirit   +   (no helmet)
rElec    .         Reflect  .   d - +0 cloak
rCorr    .         Harm     .   (no gloves)
MR       .....                  (no boots)
Stlth    +++.......             (no amulet)
HPRegen  0.49/turn              (no ring)
MPRegen  0.11/turn              (no ring)

@: no status effects
A: fangs 2, regeneration 1, magic shield, antimagic bite, no potion heal 3, rot
immunity
a: no special abilities


You were on level 2 of the Dungeon.
You were not hungry.

You visited 1 branch of the dungeon, and saw 3 of its levels.

You collected 124 gold pieces.

Inventory:

Hand Weapons
 a - a +2 dagger (weapon)
 b - a +0 blowgun
 p - a +1 short sword of speed
Missiles
 e - 23 poisoned needles
 f - 2 curare-tipped needles
Armour
 c - a +0 robe (worn)
 d - a +0 cloak (worn)
Wands
 h - a wand of scattershot (4)
Scrolls
 j - a scroll of teleportation {unknown}
 k - a scroll of amnesia {unknown}
 l - 4 scrolls of identify {unknown}
 n - a scroll of enchant weapon {unknown}
 o - a scroll of remove curse {unknown}
Potions
 i - a potion of might {unknown}
Comestibles
 g - 7 rations
 m - 3 chunks of flesh


   Skills:
 + Level 2.6 Fighting
 + Level 2.7 Short Blades
 + Level 2.7 Throwing
 + Level 2.0 Dodging
 + Level 5.7 Stealth
 + Level 1.4 Spellcasting


You had 6 spell levels left.
You didn't know any spells.
Your spell library was empty.

Dungeon Overview and Level Annotations

Branches:
Dungeon (3/15)

Altars:
Cheibriados
Okawaru
Yredelemnul


Innate Abilities, Weirdness & Mutations

You have extremely sharp teeth.
Your natural rate of healing is unusually fast.
When hurt, damage is shared between your health and your magic reserves.
Your bite disrupts and absorbs the magic of your enemies.
Potions cannot restore your health.
You are immune to rotting.


Message History

The gnoll barely misses you. The orc hits you with a short sword.
* * * LOW HITPOINT WARNING * * *
You hit the orc.
The orc is lightly wounded.
The gnoll misses you. The orc hits you but does no damage.
You hit the orc.
The orc is severely wounded.
You closely miss the orc. Your bite misses the orc.
The orc is severely wounded.
The gnoll misses you. The orc hits you with a short sword!
* * * LOW HITPOINT WARNING * * *
You hit the orc.
The orc is almost dead.
The gnoll hits you with a spear.
* * * LOW HITPOINT WARNING * * *
The orc misses you.
The gnoll hits you from afar with a spear.
* * * LOW HITPOINT WARNING * * *
The orc hits you with a short sword.
You die...

#.#.#.......#.......#.
######.#.#.................
#......#.#.#.#####.........
#.######.#.#.##........####
#........#.#.##.#.#+#......
##########.#.##.#.#.#.#####
#......#g#.##.#.#.#.#....
#.####.#>o...............
#.# #.#@.(...#.#.#......
#.# ##.#........#.#......
#.###....##)##..#.##.(...
#........#.([#..#.##.....
###.............#.##.....
#........_..[...##.....
#...#.........#########
#...#..#...#..#
#...##.##.##..#


You could see a gnoll and an orc.

Vanquished Creatures
  Jessica (D:2)
  3 gnolls
  7 adders
  An ooze (D:2)
  2 worms (D:2)
  3 dart slugs
  2 leopard geckos
  5 orcs (D:3)
  2 ball pythons
  3 giant cockroaches
  7 goblins
  7 hobgoblins
  2 jackals (D:1)
  A quokka (D:3)
  5 bats
  4 frilled lizards
  13 kobolds
  9 rats
77 creatures vanquished.

Notes
Turn   | Place    | Note
-------+----------+-------------------------------------------
     0 | D:1      | MalarOregon the Vine Stalker Assassin began the quest for
                  | the Orb.
     0 | D:1      | Reached XP level 1. HP: 11/11 MP: 2/2
   216 | D:1      | Reached skill level 1 in Dodging
   216 | D:1      | Reached skill level 5 in Stealth
   216 | D:1      | Reached XP level 2. HP: 15/15 MP: 3/3
   670 | D:1      | Reached XP level 3. HP: 12/18 MP: 2/4
  1300 | D:2      | Gained mutation: Your natural rate of healing is unusually
                  | fast. [Vine Stalker growth]
  1300 | D:2      | Reached XP level 4. HP: 1/23 MP: 1/5
  1349 | D:2      | Found a snail-covered altar of Cheibriados.
  1768 | D:2      | Found an iron altar of Okawaru.
  1768 | D:2      | Noticed Jessica
  1787 | D:2      | Killed Jessica
  1787 | D:2      | Reached skill level 1 in Spellcasting
  1787 | D:2      | Reached XP level 5. HP: 10/27 MP: 7/7
  2131 | D:3      | Found a basalt altar of Yredelemnul.
  2486 | D:2      | Slain by an orc

Skill      XL: |  1  2  3  4  5 |
---------------+----------------+-----
Dodging        | 1 2 |  2.0
Stealth        | 5 |  5.7
Fighting       | 2 |  2.6
Short Blades   | 2 |  2.7
Throwing       | 2 |  2.7
Spellcasting   | 1 |  1.4

Action                   |  1- 3 |  4- 6 || total
-------------------------+-------+-------++-------
Melee: Dagger            |   101 |   161 ||   262
       Bite              |    10 |    51 ||    61
  Use: Potion            |     2 |       ||     2
 Stab: Sleeping          |    12 |     5 ||    17
       Distracted        |       |     1 ||     1
  Eat: Chunk             |     1 |     4 ||     5
Armor: Robe              |    24 |    19 ||    43
Dodge: Dodged            |    62 |   108 ||   170
